[Event "Tsaghkadzor Open 2024"]
[Site "Tsaghkadzor"]
[Date "2024.10.02"]
[Round "3.1"]
[White "Karthik Venkataraman"]
[Black "Agasarov, Benik"]
[Result "1-0"]
[ECO "A45"]
[WhiteElo "2581"]
[BlackElo "2387"]
[Annotator "RC"]
[PlyCount "65"]
[EventDate "2024.09.13"]
[EventType "swiss"]
[EventCountry "ARM"]
[SourceTitle "playchess.com"]
[Source "ChessBase"]
[SourceQuality "1"]
[TimeControl "40/5400+30:1800+30"]

1. d4 Nf6 2. Bg5 Nc6 3. Nc3 e5 4. dxe5 Nxe5 5. Qd4 d6 6. Nf3 Nxf3+ 7. gxf3 Be7 8. Rg1 Be6 9. O-O-O c5 10. Qh4 Qa5 11. Kb1 d5 12. Bh3 O-O-O 13. Nxd5 Nxd5 14. Bxe6+ fxe6 15. Bxe7 Rd7 16. Bg5 h6 17. Bd2 Qd8 18. Qc4 b6 19. Kc1 g5 20. Qe4 Re8 21. c4 Nc7 22. Bc3 Rf8 23. Be5 Rff7 24. b3 Rxd1+ 25. Rxd1 Rd7 26. Rxd7 Qxd7 27. Qg6 b5 28. Qxh6 bxc4 29. Qf8+ Kb7 30. bxc4 Na6 31. Qg7 Nb8 32. Kc2 Ka6 33. Qxd7 1-0

[Event "Tsaghkadzor Open 2024"]
[Site "Tsaghkadzor"]
[Date "2024.10.02"]
[Round "3.2"]
[White "Andriasian, Zaven"]
[Black "Davtyan, Arsen"]
[Result "1-0"]
[ECO "C54"]
[WhiteElo "2558"]
[BlackElo "2377"]
[Annotator "TA"]
[PlyCount "120"]
[EventDate "2024.09.13"]
[EventType "swiss"]
[EventCountry "ARM"]
[SourceTitle "playchess.com"]
[Source "ChessBase"]
[SourceQuality "1"]
[TimeControl "40/5400+30:1800+30"]

1. e4 e5 2. Nf3 Nc6 3. Bc4 Bc5 4. d3 Nf6 5. Nbd2 O-O 6. O-O d6 7. c3 a5 {[%emt 0:00:21] C54: Giuoco Piano: 4 c3 Nf6, main lines with 5 d4 and 5 d3.} 8. h3 h6 9. Re1 a4 10. Bb5 Bd7 11. Nf1 Ne7 12. Bxd7 Nxd7 {[%emt 0:01:35] now scores much better than the old 12...Qxd7.} 13. d4 Bb6 14. g4 $146 ({Predecessor:} 14. Qc2 exd4 15. Nxd4 d5 16. Ng3 Re8 17. Be3 dxe4 18. Qxe4 Nf6 19. Qxb7 Nfd5 20. Nc6 Nxc6 21. Bxb6 {0-1 So,W (2757)-Caruana,F (2796) Zagreb Superbet Blitz 2024 (5)}) 14... d5 15. exd5 exd4 16. Nxd4 Nxd5 17. Nf5 N5f6 18. Qf3 Re8 19. Bf4 Nc5 20. N1e3 Qd3 21. Rad1 $2 (21. Bxh6 $1 $18 Qe4 22. Qxe4 Ncxe4 23. Bxg7 (23. Nxg7 Red8 $18) 23... Bxe3 24. Rxe3) 21... Qe4 $11 22. Qxe4 Rxe4 23. Bg3 Rae8 24. Kf1 (24. f3 $5 R4e6 $8 25. Bf2 $11) 24... h5 (24... R4e6 $11 {keeps the balance.}) 25. f3 $16 R4e6 26. Nc4 Rxe1+ 27. Bxe1 hxg4 28. Nxb6 cxb6 29. hxg4 g6 30. Nd6 Re3 31. Kf2 Rd3 32. Ke2 Nd5 33. Bd2 $1 Nf6 34. Be3 Rxd1 35. Kxd1 Nfd7 36. Nc4 b5 {[%emt 0:00:37] [#]} 37. Nd6 $1 Nd3 38. b4 (38. Nxb7 Nxb2+ 39. Ke2 Nc4 $11) 38... axb3 39. axb3 (39. Nxb5 $2 bxa2 40. Ke2 a1=Q $19 (40... a1=B 41. Kxd3 Ne5+ 42. Ke4 $16)) 39... b4 (39... Kf8 $16 40. Ke2 (40. Nxb5 Ke7 $18) (40. Nxb7 N3e5 $16) 40... N3e5 41. Nxb5 Ke7) 40. Ke2 $18 (40. Nxb7 bxc3 41. Bd4 N3e5 $14) 40... N3e5 41. cxb4 ({Weaker is} 41. Nxb7 bxc3 42. g5 Nc6 $14) 41... Nc6 42. Nxb7 Nxb4 43. Nc5 Ne5 44. Bd2 Nd5 45. Bc1 (45. g5 $18) 45... f5 $2 {[%emt 0:08:34] [#]} (45... Kf8 $16 46. Bb2 Nc6) 46. g5 $1 $18 Kf7 47. f4 Nc6 48. Kd3 Nc7 (48... Nb6 $142 49. Na4 Nc8) 49. Bd2 $18 Ke7 50. Kc4 Kd6 51. Nb7+ Kd7 52. b4 Na7 53. Nc5+ Kd6 54. Nd3 Ne6 (54... Nc8 $142 55. Ne5 Nb6+ 56. Kd3 Ke7 57. Nxg6+ Ke6) 55. Be3 Nc6 56. b5 Na5+ 57. Kb4 Nb7 58. Ne5 Kd5 (58... Nc7 $142 59. Bd2 (59. Nxg6 Nd5+ 60. Ka4 Nxe3 $11) 59... Ke6) 59. Nxg6 $18 Ke4 60. Bc1 Kd5 1-0

[Event "Tsaghkadzor Open 2024"]
[Site "Tsaghkadzor"]
[Date "2024.10.02"]
[Round "3.3"]
[White "Audi Ameya"]
[Black "Sahakyan, Aleks"]
[Result "1-0"]
[ECO "C54"]
[WhiteElo "2413"]
[BlackElo "2267"]
[Annotator "TA"]
[PlyCount "87"]
[EventDate "2024.09.13"]
[EventType "swiss"]
[EventCountry "ARM"]
[SourceTitle "playchess.com"]
[Source "ChessBase"]
[SourceQuality "1"]
[TimeControl "40/5400+30:1800+30"]

1. e4 e5 2. Nf3 Nc6 3. Bc4 Nf6 4. d3 Bc5 5. O-O d6 6. c3 a5 7. Re1 h6 8. Nbd2 O-O {[%emt 0:00:09] The position is equal.} 9. h3 a4 10. Bb5 Bd7 11. Nf1 Ne7 12. Bxd7 Nxd7 13. Ng3 f5 14. d4 Bb6 15. exf5 Nxf5 16. Nxf5 Rxf5 17. Be3 e4 18. Nd2 d5 19. Qg4 Rf6 20. f3 exf3 21. Nxf3 Nf8 22. Ne5 {[%emt 0:00:47] And now Rf1 would win.} Qc8 {[%emt 0:05:56] [#] White now steadily converts the win.} (22... Qe7 $14) 23. Qg3 $1 $16 {[%emt 0:00:40] White has more active pieces.} Ra6 (23... c6 $16 {was called for.}) 24. Ng4 $18 Rg6 25. Qf3 {[%emt 0:00:04][%cal Oe1e2] Strongly threatening Re2!} Qd8 (25... Re6 $16 {was necessary.} 26. Qxd5 c6) 26. Rf1 {[%emt 0:00:38] aiming for Qf7+.} Ne6 $2 (26... Qe8 {was worth a try.} 27. Qxd5+ Kh7 28. Bxh6 (28. Qxb7 Rxg4 29. Qxa6 Qxe3+ 30. Kh1 Rf4 $18) 28... Re6) 27. Qf7+ Kh7 28. Qf5 {[%emt 0:00:36] [#] Hoping for Ne5.} c5 29. Ne5 Qe8 30. Nxg6 (30. Qxg6+ Qxg6 31. Nxg6 cxd4 32. Nf8+ Nxf8 $16) 30... Qxg6 31. dxc5 ({Don't play} 31. Qxd5 cxd4 32. cxd4 Nxd4 $18) 31... Bxc5 32. Bxc5 {[%emt 0:00:49] White is clearly winning.} Nxc5 33. Rad1 Ne4 34. Rxd5 Qxf5 35. Rfxf5 {[%emt 0:00:04][%mdl 4096] Endgame. KRR-KRN} (35. Rdxf5 Ng3 36. R5f3 Nxf1 37. Kxf1 Rb6 $16) 35... a3 36. bxa3 Rxa3 37. Rd7 Rxa2 38. Rff7 (38. Rxb7 Nd6 39. Rff7 Nxf7 40. Rxf7 Rc2 $16) 38... Kg6 39. Rxg7+ Kf5 40. Rdf7+ Ke5 41. Re7+ Kf5 42. Rgf7+ Kg6 43. Rf3 Nd2 44. Rd3 {[%emt 0:01:59] Weighted Error Value: White=0.07 (flawless) /Black=0.29 (precise) .  Mistake:       	---       	Black=4      Inaccurate:     	White=1     	---        OK:         	White=22    	Black=10     Best:        	White=2     	Black=2      Strong:       	White=1     	---} 1-0

[Event "Tsaghkadzor Open 2024"]
[Site "Tsaghkadzor"]
[Date "2024.10.02"]
[Round "3.4"]
[White "Hakobyan, Erik"]
[Black "Lysyj, Igor"]
[Result "1/2-1/2"]
[ECO "C83"]
[WhiteElo "2386"]
[BlackElo "2589"]
[Annotator "TA"]
[PlyCount "34"]
[EventDate "2024.09.13"]
[EventType "swiss"]
[EventCountry "ARM"]
[SourceTitle "playchess.com"]
[Source "ChessBase"]
[SourceQuality "1"]
[TimeControl "40/5400+30:1800+30"]

1. e4 e5 2. Nf3 Nc6 3. Bb5 a6 4. Ba4 Nf6 5. O-O Nxe4 6. d4 b5 7. Bb3 d5 8. dxe5 Be6 9. c3 Be7 10. Be3 O-O 11. Nbd2 Nxd2 12. Qxd2 Na5 13. Bc2 {[%emt 0:00:36] Die Stellung ist ausgeglichen.} Nc4 14. Qd3 {[%emt 0:01:06][%csl Gc2][%cal Rd3h7] [#]} g6 15. Bc1 Bf5 16. Qe2 {[%emt 0:00:59] Droht stark Bxf5.} Bxc2 17. Qxc2 Qd7 {[%emt 0:00:02] Nicht viel passiert in dieser Partie.   Gewichteter Fehlerwert: Weiß=0.02 (makellos) /Schwarz=0.00 (makellos) .  Fehler:       	---       	Schwarz=1     OK:         	Weiß=3     	Schwarz=2     Bester:       	---       	Schwarz=1} (17... f6 $11 {scheint genauer.}) 1/2-1/2

[Event "Tsaghkadzor Open 2024"]
[Site "Tsaghkadzor"]
[Date "2024.10.02"]
[Round "3.5"]
[White "Sukiasyan, Vahe A."]
[Black "Gabuzyan, Hovhannes"]
[Result "1/2-1/2"]
[ECO "B07"]
[WhiteElo "2358"]
[BlackElo "2579"]
[Annotator "TA"]
[PlyCount "65"]
[EventDate "2024.09.13"]
[EventType "swiss"]
[EventCountry "ARM"]
[SourceTitle "playchess.com"]
[Source "ChessBase"]
[SourceQuality "1"]
[TimeControl "40/5400+30:1800+30"]

1. d4 Nf6 2. Nf3 g6 3. Nbd2 Bg7 4. e4 d6 5. Bb5+ c6 6. Bd3 Nh5 7. c3 O-O 8. O-O Nf4 9. Bc2 Qd7 10. Nc4 Nxg2 11. Kxg2 $18 Qh3+ 12. Kh1 Bg4 13. Ncd2 Bh6 {[%emt 0:00:17] ...Bxd2 is the strong threat.} 14. Rg1 Bf4 {[%emt 0:00:21] [#]} ({But not} 14... Bxd2 $2 15. Rg3 Bxf3+ 16. Rxf3 $18) 15. Rxg4 $1 Qxg4 16. Nc4 Nd7 17. Bxf4 Qxf4 18. Qe2 a5 19. a4 Nf6 20. Rg1 b5 21. axb5 cxb5 {[%emt 0:00:06] [#]} 22. Ne3 e6 {[%emt 0:05:34] [#]} 23. e5 $1 dxe5 24. dxe5 ({Don't take} 24. Nxe5 a4) 24... Nh5 25. Rg4 $1 Qh6 26. Qxb5 Rab8 27. Qxa5 Rxb2 28. Rb4 Rxb4 29. Qxb4 Ra8 30. h4 ({White should play} 30. Qb2 $16) 30... Qf4 $14 {[%emt 0:05:46] White is slightly better.} 31. Qxf4 Nxf4 32. c4 Ra5 33. Kh2 {[%emt 0:01:51] Weighted Error Value: White=0.14 (very precise) /Black=0.15 (very precise) .  Mistake:       	White=1     	Black=1      Inaccurate:     	White=1     	Black=2      OK:         	White=12    	Black=7      Best:        	White=3     	Black=5} 1/2-1/2

[Event "Tsaghkadzor Open 2024"]
[Site "Tsaghkadzor"]
[Date "2024.10.02"]
[Round "3.6"]
[White "Chaqryan, Erik"]
[Black "Nozdrachev, Vladislav"]
[Result "1/2-1/2"]
[ECO "E05"]
[WhiteElo "2335"]
[BlackElo "2515"]
[Annotator "TA"]
[PlyCount "103"]
[EventDate "2024.09.13"]
[EventType "swiss"]
[EventCountry "ARM"]
[SourceTitle "playchess.com"]
[Source "ChessBase"]
[SourceQuality "1"]
[TimeControl "40/5400+30:1800+30"]

1. d4 d5 2. c4 e6 3. g3 Nf6 4. Nf3 Be7 5. Bg2 O-O 6. O-O dxc4 7. Qc2 b6 8. Qxc4 (8. Ne5 {is interesting.} Qxd4 9. Bxa8 Qxe5 10. Bf3) 8... Bb7 9. Nc3 c5 10. dxc5 Bxc5 11. b4 Be7 12. Bb2 Nbd7 13. Rfd1 Rc8 14. Qd4 a6 15. g4 h6 16. h4 {[%emt 0:02:55] Strongly threatening g5.} Bxf3 (16... Nb8 $11 {is superior.}) 17. Bxf3 $14 {[%emt 0:01:41] [#] Threatens to win with g5.} e5 18. Qd3 Bxb4 19. Ne4 Nxe4 20. Qxe4 Bc3 {[%emt 0:00:35] Black is weak on the light squares} 21. Bxc3 Rxc3 22. Qd5 (22. g5 $5 hxg5 23. Qg4 $11) 22... Rc7 23. Qd6 {[%emt 0:00:59] Bc6 is the strong threat.} Qb8 24. g5 hxg5 25. hxg5 {[%emt 0:00:02] Black must now prevent Bd5.} b5 26. g6 {[%emt 0:02:43] And now Bd5 would win.} Nf6 27. Qxe5 fxg6 28. Qe6+ Rcf7 29. Rd4 {[%emt 0:01:14][%mdl 1024] White has compensation.} g5 30. Rad1 (30. Qxa6 g4 31. Bg2 Qe5) 30... Re8 31. Qf5 {[%emt 0:01:04] [#]} g4 $1 32. Bc6 (32. Bxg4 $5 Ne4 33. Qh5 $11) 32... Qe5 33. Qxe5 Rxe5 34. R1d2 Rfe7 35. Kf1 (35. Rd8+ $11 {remains equal.} Kh7 36. Ra8) 35... a5 36. a3 Rc5 37. Ba8 Kf7 38. Kg2 Rc3 39. Ra2 g3 40. fxg3 (40. Rd3 $15 Rxd3 41. exd3) 40... Ree3 $17 41. Rd3 Rexd3 42. exd3 Rxd3 {[%emt 0:00:08][%mdl 4096] Endgame. KRB-KRN} (42... a4 $17 {[%cal Of7e6] Hoping for ...Ke6!} 43. Rb2 Rb3 (43... Rxa3 44. Rxb5 Rxd3 45. Bc6 $17)) 43. Rb2 $15 Rxa3 44. Rxb5 a4 45. Ra5 Ra1 46. Kh3 a3 47. g4 {[%emt 0:00:11][%cal Bg3g4,Bg4g5][%mdl 32] The position is equal.} Ke7 48. Ra7+ Kf8 49. g5 Ne8 50. Bd5 Nd6 {[%emt 0:00:07] Against Rf7+} 51. Ra8+ Ke7 52. Ra7+ {[%emt 0:00:06] Weighted Error Value: White=0.11 (very precise) /Black=0.11 (very precise) .  Mistake:       	White=2     	Black=2      Inaccurate:     	White=4     	Black=4      OK:         	White=18    	Black=14     Best:        	White=2     	Black=2} 1/2-1/2

[Event "Tsaghkadzor Open 2024"]
[Site "Tsaghkadzor"]
[Date "2024.10.02"]
[Round "3.7"]
[White "Lobanov, Sergei"]
[Black "Hovakimyan, Vache"]
[Result "1-0"]
[ECO "E49"]
[WhiteElo "2506"]
[BlackElo "2247"]
[Annotator "TA"]
[PlyCount "117"]
[EventDate "2024.09.13"]
[EventType "swiss"]
[EventCountry "ARM"]
[SourceTitle "playchess.com"]
[Source "ChessBase"]
[SourceQuality "1"]
[TimeControl "40/5400+30:1800+30"]

1. d4 Nf6 2. c4 e6 3. Nc3 Bb4 4. e3 O-O 5. Bd3 d5 6. a3 Bxc3+ 7. bxc3 dxc4 8. Bxc4 c5 9. Ne2 Qc7 10. Ba2 b6 11. O-O $1 Ba6 12. Bb2 Nc6 {[%emt 0:01:54] The position is equal.} 13. c4 cxd4 14. exd4 Na5 15. d5 Bxc4 16. Bxf6 gxf6 17. dxe6 Bxa2 18. Rxa2 {[%emt 0:00:06][%cal Ba1a2,Ba2d2,Bd2c2,Bc2c4][%mdl 32] Threatens to win with Rd2.} fxe6 19. Nd4 Rae8 20. Rd2 {[%emt 0:03:15][%cal Od4e6] Black must now prevent Nxe6!} Kh8 21. Qf3 Qc5 22. Rfd1 Nc4 23. Rc2 b5 {[%emt 0:03:49] [#]} 24. a4 $1 a6 25. axb5 axb5 26. Qe2 Qb6 {[%emt 0:02:09] [#]} (26... Rg8 $11) 27. Nxb5 $1 $14 Qxb5 28. Rxc4 ({Don't play} 28. Qxc4 Qf5 $16) 28... Re7 29. Qc2 Qg5 30. g3 Qg6 31. Qc3 Rfe8 32. Rd6 Rf8 {[%emt 0:01:13] Black is weak on the dark squares} 33. Kg2 Rfe8 34. Rf4 Rf8 35. h3 Qg5 36. Rc6 Qg6 37. Kh2 Qf7 38. Rb4 Rfe8 39. Rf4 {[%emt 0:02:37] White is much more active.} Rf8 40. Rc5 Qg7 41. Rc8 e5 42. Rf5 Ref7 (42... Rxc8 $14 43. Qxc8+ Qg8 44. Qxg8+ Kxg8) 43. Rc6 $16 Qg6 44. Qf3 Qg7 45. Ra6 Qh6 46. Kg2 Kg7 47. h4 Qd2 48. Ra4 {[%emt 0:00:35] Prevents Qb4} Kh8 49. Ra6 Kg7 50. h5 Qc1 51. Rd6 Qc4 52. Rc6 Qb4 {[%emt 0:00:30] [#]} 53. h6+ $1 Kxh6 {[%emt 0:00:14] [#]} 54. Rb6 $1 $36 {[%emt 0:00:09][%mdl 2048] White is on the roll.} (54. Rxe5 Kg7 55. Re4 Qd2) (54. Rfxf6+ $6 Rxf6 55. Rxf6+ Kg7 56. Rxf8 Qxf8 $11) 54... Qd4 $2 ({Stronger than} 54... Qxb6 55. Qg4 Qc6+ 56. Kh2) (54... Qc4 $16) 55. Rbxf6+ Rxf6 56. Rxf6+ Rxf6 57. Qxf6+ Kh5 {[%emt 0:00:06] [#]} 58. f3 $1 {[%emt 0:00:13] Wards off Qe4} Qd2+ 59. Kh3 {[%emt 0:00:06] Weighted Error Value: White=0.07 (flawless) /Black=0.16 (very precise) .  Loses game:     	---       	Black=1      Mistake:       	---       	Black=2      Inaccurate:     	White=1     	---        OK:         	White=20    	Black=17     Best:        	White=2     	Black=3      Strong:       	White=1     	---        Brilliant:      	White=1     	---} 1-0

[Event "Tsaghkadzor Open 2024"]
[Site "Tsaghkadzor"]
[Date "2024.10.02"]
[Round "3.8"]
[White "Gharibyan, Mamikon"]
[Black "Yeritsyan, Hayk"]
[Result "0-1"]
[ECO "B30"]
[WhiteElo "2472"]
[BlackElo "2229"]
[Annotator "RC"]
[PlyCount "160"]
[EventDate "2024.09.13"]
[EventType "swiss"]
[EventCountry "ARM"]
[SourceTitle "playchess.com"]
[Source "ChessBase"]
[SourceQuality "1"]
[TimeControl "40/5400+30:1800+30"]

1. e4 c5 2. Nf3 Nc6 3. Bb5 Nf6 4. Bxc6 dxc6 5. d3 Qc7 6. a4 e5 7. Na3 Be7 8. b3 Be6 9. Nc4 Nd7 10. Bb2 f6 11. Ne3 Nf8 12. Nh4 g6 13. O-O Bf7 14. f4 exf4 15. Ng4 Nd7 16. e5 fxe5 17. Nf3 O-O-O 18. Nfxe5 Be6 19. Nxd7 Qxd7 20. Rxf4 Bd6 21. Ne5 Qc7 22. Re4 Rhf8 23. Qe1 Rf5 24. Qg3 Rdf8 25. Rae1 Bd5 26. R4e3 Qd8 27. h4 Qf6 28. c4 Rf1+ 29. Rxf1 Qxf1+ 30. Kh2 Bxg2 31. Re1 Qf2 32. Qxf2 Rxf2 33. Bc3 Rc2 34. Ba1 Be4+ 35. Kg3 Bxd3 36. Rd1 Re2 37. Kf3 Bxe5 38. Rxd3 Re1 39. Bxe5 Rxe5 40. a5 Re1 41. Kf4 Rg1 42. Ke5 Kc7 43. Rf3 Re1+ 44. Kf6 Re4 45. Kg7 Rxh4 46. Rf7+ Kd6 47. Rxb7 g5 48. Kf6 h6 49. Rxa7 Rh1 50. a6 g4 51. Ra8 Kc7 52. a7 Kb7 53. Rg8 Kxa7 54. Rxg4 Kb6 55. Rg8 h5 56. Rb8+ Kc7 57. Rh8 h4 58. Ke6 h3 59. Rh7+ Kb6 60. Kd7 Rd1+ 61. Kc8 Rd3 62. Rb7+ Ka5 63. Rh7 Kb4 64. Kc7 Kxb3 65. Rh4 Rd4 66. Rxh3+ Kxc4 67. Kxc6 Rg4 68. Kd6 Kb4 69. Rh1 c4 70. Kd5 Rg3 71. Rb1+ Rb3 72. Rh1 Rd3+ 73. Ke4 Rd2 74. Rb1+ Ka3 75. Ke3 c3 76. Rb8 Rd1 77. Rc8 Kb2 78. Ke2 c2 79. Rb8+ Ka3 80. Ra8+ Kb4 0-1